AoeStats
← HAKUNA MATATA

MegaRandom

503855460Analyzed
4v4 RM · 1mo ago on Sep 2, 2026· 44m 38s· 8 players
Game mode
Random Map
Map size
Large (8 player)
Population
200
Speed
Normal
Resources
Standard
Victory
Conquest
Starting age
Dark Age
Ending age
Imperial Age
RankedLock teamsTeams togetherTeam positionsShared explorationLock speedFull tech treeHidden civsTurbo modeCheats
Victory
Defeat
🇮🇳 Vietnamese · India
1651
+8
🇭🇰 Ethiopians · Hong Kong SAR China
1510
+13
🇭🇰 Franks · Hong Kong SAR China
1427
+17
🇹🇷 Malay · Türkiye
1227
+25
🇹🇭 Magyars · Thailand
1498
-18
🇨🇳 Japanese · China
1462
-16
🇺🇸 Saracens · United States
1449
-16
🇳🇿 Mongols · New Zealand
1402
-14
Grumpy_Beto
6:53 Loom
9:22 Feudal Age
9:57 Double-Bit Axe
9:53 Horse Collar
13:40 Fletching
14:00 Horse Collar
16:07 Padded Archer Armor
24:55 Castle Age
25:31 Bodkin Arrow
25:02 Crossbowman
26:16 Bow Saw
26:10 Gold Mining
27:59 Leather Archer Armor
29:03 Ballistics
34:03 Wheelbarrow
33:14 Town Watch
42:18 Imperial Age
42:37 Thumb Ring
42:26 Arbalester
43:22 Bracer
45:05 Chemistry
503058320
9:59 Feudal Age
9:46 Loom
10:37 Double-Bit Axe
12:40 Fletching
13:59 Padded Archer Armor
14:35 Wheelbarrow
17:35 Wheelbarrow
28:07 Castle Age
39:00 Town Watch
1361376639
6:20 Loom
9:15 Feudal Age
9:18 Man-at-Arms
10:14 Arson
14:36 Double-Bit Axe
20:11 Horse Collar
23:18 Castle Age
22:10 Stone Mining
26:18 Scale Mail Armor
26:20 Squires
JayJayNico
9:46 Feudal Age
8:45 Loom
10:16 Double-Bit Axe
12:54 Forging
12:50 Scale Barding Armor
14:15 Horse Collar
20:20 Castle Age
22:36 Bloodlines
23:52 Husbandry
31:40 Fletching
34:49 Ballistics
35:26 Bodkin Arrow
38:09 Wheelbarrow
37:38 Padded Archer Armor
39:09 Heavy Plow
43:59 Imperial Age
42:14 Leather Archer Armor
42:42 Thumb Ring
44:42 Bracer
45:48 Chemistry
NoisyBuoy
7:44 Loom
10:40 Feudal Age
11:48 Double-Bit Axe
14:34 Castle Age
15:38 Horse Collar
23:26 Fletching
25:58 Bodkin Arrow
27:15 Padded Archer Armor
29:24 Bow Saw
30:30 Ballistics
33:10 Wheelbarrow
34:06 Hand Cart
35:45 Heavy Plow
35:38 Gold Mining
36:29 Town Watch
38:27 Stone Mining
42:18 Imperial Age
42:55 Leather Archer Armor
43:00 Bracer
44:09 Two-Man Saw
44:42 Chemistry
44:20 Leather Archer Armor
45:32 Ring Archer Armor
HAKUNA MATATA
11:24 Feudal Age
10:07 Loom
11:54 Feudal Age
15:24 Castle Age
13:54 Horse Collar
16:54 Double-Bit Axe
18:03 Scale Barding Armor
18:55 Forging
21:01 Husbandry
21:39 Iron Casting
21:58 Husbandry
35:58 Wheelbarrow
35:08 Town Watch
35:35 Bow Saw
35:27 Heavy Plow
35:27 Gold Mining
36:16 Elite Skirmisher
38:03 Padded Archer Armor
37:53 Fletching
42:33 Imperial Age
41:27 Cavalier
44:16 Blast Furnace
LagiPup
7:05 Loom
9:13 Feudal Age
10:03 Double-Bit Axe
14:12 Fletching
18:18 Padded Archer Armor
22:12 Castle Age
20:36 Horse Collar
22:28 Crossbowman
23:04 Bodkin Arrow
24:07 Town Watch
35:15 Wheelbarrow
39:08 Imperial Age
39:12 Arbalester
39:56 Bracer
40:50 Ballistics
42:15 Hand Cart
42:12 Bow Saw
42:03 Gold Mining
43:48 Chemistry
44:25 Leather Archer Armor
44:31 Thumb Ring
kenny yip
0:41 Loom
9:15 Feudal Age
9:51 Double-Bit Axe
11:01 Town Watch
15:41 Forging
17:22 Wheelbarrow
22:02 Castle Age
20:18 Scale Barding Armor
21:54 Gold Mining
23:03 Bow Saw
22:58 Husbandry
23:50 Town Patrol
28:29 Chain Barding Armor
30:23 Iron Casting
33:12 Hand Cart
34:55 Gold Shaft Mining
38:49 Imperial Age
38:52 Cavalier
40:08 Plate Barding Armor
41:03 Blast Furnace
42:25 Fletching
Connection lost

Rejoining the realm…

Still unreachable

The connection could not be restored.

Session expired

The server has moved on; the page needs a fresh start.